 Dungeon Crawl Stone Soup version 0.25-a0-697-g890751e744 (webtiles) character file.

Game seed: 5591932501652275438, levelgen mode: deterministic

115886 sanka the Eviscerator (level 16, 72/72 HPs)
             Began as a Felid Wanderer on Mar 29, 2020.
             Was the Champion of Okawaru.
             Quit the game on level 4 of the Spider Nest on Mar 31, 2020.
             The game lasted 02:06:24 (55709 turns).

sanka the Eviscerator (Felid Wanderer)             Turns: 55709, Time: 02:06:25

Health: 72/72      AC:  3    Str:  7    XL:     16   Next: 19%
Magic:  24/24      EV: 39    Int: 14    God:    Okawaru [******]
Gold:   3412       SH:  0    Dex: 27    Spells: 18/25 levels left
                                        Lives:  1   Deaths: 1

rFire    . . .     SeeInvis +     - Unarmed
rCold    + . .     Gourm    .   (shield unavailable)
rNeg     . . .     Faith    .   (armour unavailable)
rPois    .         Spirit   +   (helmet unavailable)
rElec    .         Reflect  .   (cloak unavailable)
rCorr    .         Harm     .   (gloves unavailable)
MR       ++...                  (boots unavailable)
Stlth    +++.......             w - amulet of guardian spirit
HPRegen  0.22/turn              u - +4 ring of dexterity
MPRegen  0.19/turn              q - +2 ring of evasion

@: quick
A: very small, no armour, no weapons or thrown items, stealth, claws 1, fangs 3,
see invisible, carnivore, speed 1, shaggy fur 3, slow metabolism 1, sharp paws
a: Heroism, Finesse, Renounce Religion


You were on level 4 of the Spider Nest.
You worshipped Okawaru.
Okawaru was exalted by your worship.
You were not hungry.

You visited 5 branches of the dungeon, and saw 28 of its levels.
You also visited: Ice Cave and Volcano.

You collected 4997 gold pieces.
You spent 1585 gold pieces at shops.


Innate Abilities, Weirdness & Mutations

You cannot wear armour.
You are incapable of wielding weapons or throwing items.
Your paws allow you to move quietly. (Stealth)
You have sharp claws.
You have razor-sharp teeth.
You have supernaturally acute eyesight. (SInv)
You are carnivorous and can eat meat at any time.
You cover ground quickly.
Your thick and shaggy fur keeps you warm. (AC +3, rC+)
You have a slow metabolism.
Your sharp claws are effective at attacking unaware monsters.


   Skills:
 + Level 9.5 Fighting
 + Level 17.0 Dodging
 - Level 3.0 Stealth
 + Level 21.7 Unarmed Combat
 - Level 5.0 Spellcasting
   Level 1.0 Conjurations
 - Level 4.0 Hexes
 - Level 3.0 Air Magic
 - Level 3.0 Poison Magic
 - Level 8.0 Invocations
 - Level 8.0 Evocations


You had 18 spell levels left.
You knew the following spells:

 Your Spells              Type           Power        Failure   Level  Hunger
s - Swiftness             Chrm/Air       #.......     14%         2    ##.....
z - Confusing Touch       Hex            ##......     10%         3    ###....
Z - Poisonous Vapours     Pois/Air       ##....       8%          2    ##.....

Your spell library contained the following spells:

 Spells                   Type           Power        Failure   Level  Hunger
 Slow                     Hex            ##......     4%          2    ##.....
 Magic Dart               Conj           #...         12%         1    None
 Foxfire                  Conj/Fire      #...         14%         1    None
 Corpse Rot               Necr/Air       N/A          14%         2    ##.....
 Animate Skeleton         Necr           N/A          17%         1    None
 Freeze                   Ice            #...         17%         1    None
 Infusion                 Chrm           #...         17%         1    None
 Pain                     Necr           #...         17%         1    None
 Summon Small Mammal      Summ           #...         17%         1    None
 Mephitic Cloud           Conj/Pois/Air  ##......     21%         3    ###....
 Summon Guardian Golem    Hex/Summ       #.......     22%         3    ###....
 Blink                    Tloc           N/A          26%         2    ##.....
 Call Imp                 Summ           #.......     26%         2    ##.....
 Shroud of Golubria       Chrm/Tloc      #.....       26%         2    ##.....
 Song of Slaying          Chrm           #.......     26%         2    ##.....
 Sublimation of Blood     Necr           #.........   26%         2    ##.....
 Cause Fear               Hex            ##........   32%         4    ####...
 Conjure Flame            Conj/Fire      #.......     38%         3    ###....
 Call Canine Familiar     Summ           #.......     45%         3    ###....
 Frozen Ramparts          Ice            #.....       45%         3    ###....
 Gell's Gravitas          Tloc           #.........   45%         3    ###....
 Ozocubu's Armour         Chrm/Ice       #.......     45%         3    ###....
 Vampiric Draining        Necr           #.........   45%         3    ###....
 Summon Lightning Spire   Summ/Air       #.......     67%         4    ####...
 Hailstorm                Conj/Ice       #.......     80%         4    ####...
 Animate Dead             Necr           N/A          86%         4    ####...
 Dispel Undead            Necr           #.......     86%         4    ####...
 Ice Form                 Ice/Tmut       #.......     86%         4    ####...
 Petrify                  Tmut/Erth      #.......     86%         4    ####...
 Summon Ice Beast         Ice/Summ       #.......     86%         4    ####...
 Metabolic Englaciation   Hex/Ice        #.........   91%         5    ######.
 Yara's Violent Unravell  Hex/Tmut       #.........   91%         5    ######.
 Agony                    Necr           #.......     99%         5    ######.
 Freezing Cloud           Conj/Ice/Air   #.........   100%        6    #######
 Ozocubu's Refrigeration  Ice            #.........   100%        6    #######
 Simulacrum               Ice/Necr       #.........   100%        6    #######
 Dragon Form              Tmut           #.........   100%        7    #######
 Ring of Flames           Chrm/Fire      #.........   100%        7    #######
 Dragon's Call            Summ           #.........   100%        9    #######
 Spectral Weapon          Hex/Chrm       Unusable     N/A         3    N/A
 Excruciating Wounds      Chrm/Necr      Unusable     N/A         5    N/A

Inventory:

Jewellery
 f - an uncursed ring of protection from cold
 q - a +2 ring of evasion (right paw)
 u - a +4 ring of dexterity (left paw)
 w - an amulet of guardian spirit (around neck)
 H - an uncursed ring of protection from magic
Wands
 j - a wand of random effects (18)
 t - a wand of acid (17)
 v - a wand of digging (7)
 A - a wand of flame (35)
 E - a wand of iceblast (27)
 G - a wand of scattershot (4)
 I - a wand of paralysis (29)
 L - a wand of disintegration (16)
 S - a wand of polymorph (10)
Scrolls
 d - 11 scrolls of remove curse
 e - 9 scrolls of amnesia
 l - 17 scrolls of teleportation {@r4}
 n - 8 scrolls of blinking
 o - a scroll of fear
 r - 2 scrolls of summoning
 s - 3 scrolls of magic mapping
 B - 4 scrolls of immolation {!r}
 D - 2 scrolls of vulnerability {!r}
 F - a scroll of holy word
 K - 2 scrolls of fog
 N - a scroll of identify {@r1}
Potions
 a - a potion of curing {@q1}
 c - a potion of berserk rage {!q}
 g - 3 potions of stabbing
 h - a potion of lignification {!q}
 i - 2 potions of magic
 k - 5 potions of cancellation
 m - a potion of ambrosia
 p - 4 potions of flight
 z - 4 potions of haste {@q3}
 C - 6 potions of might
 J - 2 potions of mutation {!q}
 M - a potion of resistance
 P - 3 potions of brilliance
 T - a potion of invisibility {unknown}
Miscellaneous
 y - a removed lamp of fire
 O - a lightning rod (4/4)
 Q - a tin of tremorstones
 R - a phantom mirror
 U - a box of beasts
Comestibles
 b - 46 rations

Dungeon Overview and Level Annotations

Branches:
Dungeon (15/15)            Temple (1/1) D:6            Lair (6/6) D:11
 Shoals (0/4) Lair:4       Spider (4/4) Lair:4        Slime (0/5) Lair:6
    Orc (2/2) D:12            Elf (0/3) Orc:2        Vaults (0/5) D:13
 Depths (0/5) D:15          IceCv (visited)         Volcano (visited)

Altars:
Ashenzari
Cheibriados
Dithmenos
Elyvilon
Fedhas
Gozag
Hepliaklqana
Kikubaaqudgha
Makhleb
Nemelex Xobeh
Okawaru
Qazlal
Ru
Sif Muna
Trog
Uskayaw
Vehumet
Wu Jian
Xom
Yredelemnul
Zin
The Shining One
Beogh
Jiyva

Shops:
D:10 =:*[*( Orc:2

[***
▒^▒..^▒^......▒.......
▒.^^......▒......▒....
▒▒...^▒...............
▒▒▒▒................▒...
▒.▒▒....................
▒▒..▒▒▒...(.........▒....
▒............▒...^.^.....
▒..▒........▒.........^▒.
▒....^..h...........^..▒.
▒..........▒..........^..
▒..▒.............<.▒▒....
▒▒..................^....
▒....^...^......▒........
▒.............▒...s......
▒.....^...▒^.............
▒.............^▒.........
▒^.......................


There were no monsters in sight!


Message History

The redback poisons you!
The jumping spider completely misses you.
The jumping spider completely misses you.
You scratch the redback.
The redback is lightly wounded.
* * * LOW HITPOINT WARNING * * *
You feel sick. The redback completely misses you.
Unknown command.
* * * LOW HITPOINT WARNING * * *
You feel very sick.
The jumping spider completely misses you.
The jumping spider barely misses you. The redback bites you!
* * * LOW HITPOINT WARNING * * *
You are more poisoned.
The redback poisons you! The jumping spider misses you.
The jumping spider bites you.
* * * LOW HITPOINT WARNING * * *
Unknown command.
The redback completely misses you. The jumping spider pounces on you!
You die...
The jumping spider misses you. The redback completely misses you.
You are now level 16!
You rejoin the land of the living...
Unknown command.
Are you sure you want to abandon this character and quit the game? (Confirm with "yes".)

Action                   |  1- 3 |  4- 6 |  7- 9 | 10-12 | 13-15 | 16-18 || total
-------------------------+-------+-------+-------+-------+-------+-------++-------
Melee: Unarmed           |    65 |    53 |   273 |   829 |  1787 |   819 ||  3826
       Bite              |     5 |     5 |    42 |   105 |   259 |   117 ||   533
       Punch             |       |       |     8 |    75 |   225 |    95 ||   403
 Cast: Poisonous Vapours |    32 |    67 |   124 |   114 |    14 |       ||   351
       Confusing Touch   |       |       |       |       |     2 |       ||     2
Invok: Heroism           |       |       |       |    31 |    90 |    36 ||   157
       Finesse           |       |       |       |       |     4 |     1 ||     5
Evoke: Wand              |       |       |    13 |    27 |    14 |    26 ||    80
       Removed lamp of f |       |       |       |       |     1 |       ||     1
       Lightning rod     |       |       |       |       |       |     1 ||     1
  Use: Scroll            |       |       |    12 |     7 |    10 |     2 ||    31
       Potion            |       |       |       |     4 |     2 |    10 ||    16
 Stab: Distracted        |     1 |       |     1 |     3 |    10 |     4 ||    19
       Sleeping          |       |     3 |     9 |    16 |    16 |    12 ||    56
       Confused          |       |       |       |       |     1 |       ||     1
       Paralysed         |       |       |       |       |       |     3 ||     3
       Held in net/web   |       |       |       |       |       |     2 ||     2
  Eat: Chunk             |    12 |    11 |    19 |    28 |    38 |    26 ||   134
Armor: Skin              |       |     1 |    11 |    15 |    23 |    15 ||    65
Dodge: Dodged            |    38 |    29 |   234 |   928 |  1523 |  1017 ||  3769

Levels and vault maps discovered:
D:1:      lemuel_arrival_tunnels, layout_loops_corners,
          nemelex_diamond_rough_becter
D:2:      layout_rooms, chequers_ecumenical_altar_island, st_stairs_8,
          minmay_misc_feat_square, minmay_misc_feat_tiny, uniq_terence
D:3:      layout_basic, nicolae_overflow_crystal_walls, lemuel_altar_in_water
D:4:      layout_layer_cave, uniq_grinder, uniq_edmund
D:5:      layout_basic, first_ration, uniq_pikel
D:6:      layout_loops_cross, minmay_temple_entry_statues_pillars,
          serial_undead, serial_undead_c, serial_undead_e, serial_undead_d,
          serial_undead_a, serial_undead_b, serial_undead_a, uniq_sigmund
D:7:      layout_basic, uniq_duvessa, uniq_maggie
D:8:      minmay_evil_eye, layout_basic, uniq_erica, uniq_grum
D:9:      minmay_octagon_keep, layout_rooms, grunt_temple_overflow_open,
          minitemple
D:10:     minmay_shrinking_squares, layout_long_grid, serial_shops,
          nicolae_shop_temple_entry_statues_fountains, kennysheep_little_box,
          nicolae_shop_waterfront, shop, kennysheep_mini_moat,
          blue_anna_alchemist [blue_anna_fruit_fields, blue_anna_fruit_fields],
          minmay_shop_chei, nicolae_tso_swordbearing_angel, uniq_erolcha,
          uniq_maurice, uniq_joseph
D:11:     layout_stronghold, david_lair_shrubbed, portal_ice_cave_rime
D:12:     layout_rooms, orc_0_dummy, minmay_fractal_squares_diagonal_5
D:13:     layout_loops_ring, david_vaults_5, basic_altar
D:14:     layout_basic, corexii_corridor_pit, lemuel_flamethrower_2,
          uniq_frances, uniq_josephine, uniq_louise
D:15:     hangedman_depths_entry_civil_slaughter, layout_loops_ring,
          hangedman_glass_teeth
Temple:   nicolae_temple_figure_eight
Lair:1:   layout_gridlike
Lair:2:   layout_hall_layers, infiniplex_staircase_pool, serial_bayou_shore_b
Lair:3:   layout_cave_pods
Lair:4:   layout_roguey, elwin_shoals_entry_rooms,
          nicolae_spider_entry_tight_spaces, gammafunk_ghost_cemetery,
          serial_bayou_pond_c
Lair:5:   layout_cave_pods, beast_lair_carwin_4, grunt_megastairs_4
Lair:6:   minmay_lair_end_enchanted_forest, layout_small_grid, slime_altar_2,
          enter_volcano_3, wad_woods_antlair, serial_bayou_shore_b,
          lemuel_fruit_tree
Spider:1: layout_spider_delve, uniq_kirke
Spider:2: layout_spider_delve, nicolae_spider_cling_ruins
Spider:3: layout_spider_delve
Spider:4: grunt_spider_rune_circles
Orc:1:    layout_caves, uniq_snorg
Orc:2:    grunt_orc_tribal_feast, layout_diamond_mine, lemuel_statue_altar

Notes
Turn   | Place    | Note
-------+----------+-------------------------------------------
     0 | D:1      | sanka the Felid Wanderer began the quest for the Orb.
     0 | D:1      | sanka set off with the following items: a ration; and the
                  | following spells available to memorise: Poisonous Vapours,
                  | Swiftness
     0 | D:1      | Reached XP level 1. HP: 7/7 MP: 5/5
   460 | D:1      | Reached XP level 2. HP: 6/11 MP: 7/7
   643 | D:1      | Learned a level 2 spell: Poisonous Vapours
   646 | D:1      | Learned a level 2 spell: Swiftness
   720 | D:1      | Found a sparkling altar of Nemelex Xobeh.
   808 | D:1      | Reached skill level 3 in Unarmed Combat
  1215 | D:1      | Reached skill level 1 in Poison Magic
  1609 | D:1      | Reached XP level 3. HP: 14/14 MP: 1/8
  1844 | D:2      | Found a faded altar of an unknown god.
  2343 | D:2      | Noticed Terence
  2390 | D:2      | Killed Terence
  2390 | D:2      | Reached skill level 2 in Air Magic
  2390 | D:2      | Reached skill level 2 in Poison Magic
  2390 | D:2      | Reached XP level 4. HP: 18/18 MP: 0/9
  3528 | D:3      | Reached skill level 2 in Dodging
  4179 | D:3      | Reached skill level 1 in Fighting
  4179 | D:3      | Reached XP level 5. HP: 5/22 MP: 6/10
  4459 | D:3      | Found a sacrificial altar of Ru.
  4504 | D:3      | Found a burning altar of Makhleb.
  4865 | D:4      | Noticed Edmund
  4873 | D:4      | Killed Edmund
  4873 | D:4      | Gained mutation: You are covered in thick fur. (AC +2)
                  | [Felid growth]
  4873 | D:4      | Reached XP level 6. HP: 25/25 MP: 0/11
  4971 | D:4      | Reached skill level 4 in Unarmed Combat
  5048 | D:4      | Reached skill level 3 in Dodging
  5167 | D:4      | Reached skill level 2 in Fighting
  5178 | D:4      | Reached skill level 3 in Poison Magic
  5577 | D:4      | Reached skill level 3 in Air Magic
  5577 | D:4      | Reached XP level 7. HP: 30/30 MP: 5/12
  5745 | D:4      | Noticed Grinder
  6096 | D:4      | Reached skill level 4 in Dodging
  6544 | D:5      | Entered Level 5 of the Dungeon
  6555 | D:4      | Reached skill level 5 in Unarmed Combat
  7589 | D:5      | Noticed Pikel
  7607 | D:5      | Killed Pikel
  7607 | D:5      | Reached skill level 3 in Fighting
  7607 | D:5      | Reached skill level 5 in Dodging
  7607 | D:5      | Reached skill level 6 in Unarmed Combat
  7607 | D:5      | Reached XP level 8. HP: 34/34 MP: 5/14
  7712 | D:5      | Reached skill level 4 in Spellcasting
  8258 | D:6      | Reached skill level 4 in Fighting
  8698 | D:6      | Reached skill level 6 in Dodging
  8710 | D:6      | Reached skill level 7 in Unarmed Combat
  8744 | D:6      | HP: 1/36 [wight/+3 mace (4)]
  9318 | D:6      | Noticed Sigmund
  9329 | D:6      | Killed Sigmund
  9329 | D:6      | Reached XP level 9. HP: 39/39 MP: 11/17
  9489 | D:6      | Found a staircase to the Ecumenical Temple.
  9531 | Temple   | Entered the Ecumenical Temple
 10115 | D:7      | Reached skill level 5 in Spellcasting
 10141 | D:7      | Reached skill level 5 in Fighting
 10243 | D:7      | Reached skill level 7 in Dodging
 10243 | D:7      | Reached skill level 8 in Unarmed Combat
 10342 | D:7      | Noticed Dowan
 10344 | D:7      | Noticed Duvessa
 10365 | D:7      | Killed Duvessa
 10368 | D:7      | Killed Dowan
 10990 | D:7      | Identified +2 swamp dragon scales
 10990 | D:7      | Noticed Maggie
 11113 | D:7      | Reached skill level 1 in Evocations
 11376 | D:7      | Reached skill level 2 in Evocations
 11446 | D:7      | Reached skill level 9 in Unarmed Combat
 11538 | D:7      | Killed Maggie
 11538 | D:7      | Reached skill level 6 in Fighting
 11538 | D:7      | Reached skill level 8 in Dodging
 11922 | D:8      | Reached XP level 10. HP: 37/45 MP: 18/18
 11934 | D:8      | Noticed a two-headed ogre
 11962 | D:8      | Killed a two-headed ogre
 11962 | D:8      | Reached skill level 9 in Dodging
 12098 | D:8      | Noticed Erica
 12136 | D:8      | Killed Erica
 12136 | D:8      | Reached skill level 10 in Dodging
 12434 | D:8      | Reached skill level 10 in Unarmed Combat
 12572 | D:8      | Noticed Grum
 12887 | D:8      | Killed Grum
 12887 | D:8      | Reached skill level 11 in Dodging
 12999 | D:9      | Noticed a two-headed ogre
 13053 | D:9      | Killed a two-headed ogre
 13053 | D:9      | Reached skill level 12 in Dodging
 13245 | D:9      | Found a radiant altar of Vehumet.
 13246 | D:9      | Found a hazy altar of Hepliaklqana.
 13247 | D:9      | Found a shimmering blue altar of Sif Muna.
 13250 | D:9      | Found an ancient bone altar of Kikubaaqudgha.
 13251 | D:9      | Found a bloodstained altar of Trog.
 13346 | D:9      | Found a shadowy altar of Dithmenos.
 13355 | D:9      | Found an iron altar of Okawaru.
 13355 | D:9      | Found a hide-covered altar of Uskayaw.
 13368 | D:9      | Became a worshipper of Warmaster Okawaru
 13814 | D:9      | Found the +11 plutonium sword {*Contam Stlth-}
 13944 | D:10     | Entered Level 10 of the Dungeon
 13988 | D:10     | Reached skill level 13 in Dodging
 14069 | D:10     | Reached XP level 11. HP: 48/48 MP: 19/19
 14072 | D:10     | Noticed Joseph
 14538 | D:10     | Found Usted's Jewellery Shop.
 14620 | D:10     | Found Nikhycoss's Weapon Emporium.
 14630 | D:10     | Noticed Maurice
 14660 | D:10     | Killed Maurice
 14660 | D:10     | Reached * piety under Okawaru
 14664 | D:10     | Found a snail-covered altar of Cheibriados.
 14666 | D:10     | Found Cheibriados's Comfort Zone.
 14792 | D:10     | Found Pariuci's Book Shop.
 14842 | D:10     | Found Onixon's Assorted Antiques.
 14868 | D:10     | Found Wuleehes's General Store.
 14943 | D:10     | Reached skill level 14 in Dodging
 15151 | D:10     | Noticed a deep elf mage
 15151 | D:10     | Noticed a fire giant
 15151 | D:10     | Noticed a harpy
 15546 | D:11     | Reached skill level 1 in Invocations
 15678 | D:11     | Found a frozen archway.
 15688 | D:11     | HP: 3/48 [rime drake/flash freeze (26)]
 15710 | D:11     | Reached ** piety under Okawaru
 15941 | IceCv    | Entered an ice cave
 15970 | IceCv    | Reached skill level 2 in Invocations
 16387 | IceCv    | Reached skill level 3 in Evocations
 16461 | IceCv    | Reached skill level 3 in Invocations
 16490 | IceCv    | Reached skill level 4 in Evocations
 16729 | IceCv    | Reached skill level 4 in Invocations
 17278 | IceCv    | Found an ancient bone altar of Kikubaaqudgha.
 17782 | IceCv    | Reached *** piety under Okawaru
 17836 | IceCv    | HP: 3/48 [freezing wraith (9)]
 18355 | IceCv    | Noticed a necromancer
 18378 | IceCv    | Killed a necromancer
 18807 | D:11     | Found a staircase to the Lair.
 18851 | D:11     | Reached skill level 5 in Invocations
 18937 | D:11     | Reached skill level 15 in Dodging
 19249 | D:11     | Gained mutation: Your thick and shaggy fur keeps you warm.
                  | (AC +3, rC+) [Felid growth]
 19249 | D:11     | Reached XP level 12. HP: 50/52 MP: 18/20
 19655 | D:11     | Reached skill level 11 in Unarmed Combat
 19764 | Lair:1   | Entered Level 1 of the Lair of Beasts
 21064 | Lair:2   | Reached skill level 12 in Unarmed Combat
 21293 | D:10     | Bought a scroll of acquirement for 728 gold pieces
 21293 | D:10     | Bought a potion of might for 56 gold pieces
 21293 | D:10     | Bought a scroll of noise for 14 gold pieces
 21298 | D:10     | Identified the ring "Rom Ojek" {Ice Str+5} (You acquired it
                  | on level 10 of the Dungeon)
 21362 | D:10     | Killed a fire giant
 21362 | D:10     | Reached **** piety under Okawaru
 21739 | D:10     | Killed Joseph
 22017 | D:10     | Noticed Erolcha
 22025 | D:10     | Killed Erolcha
 22025 | D:10     | Reached skill level 13 in Unarmed Combat
 22047 | D:10     | Found a glowing golden altar of the Shining One.
 23140 | Lair:3   | Reached ***** piety under Okawaru
 23153 | Lair:3   | Learned a level 3 spell: Confusing Touch
 23206 | Lair:3   | Reached skill level 1 in Hexes
 23211 | Lair:3   | Reached skill level 14 in Unarmed Combat
 23307 | Lair:3   | Reached skill level 2 in Hexes
 23812 | Lair:3   | Reached skill level 3 in Hexes
 23943 | Lair:3   | Reached XP level 13. HP: 55/55 MP: 21/21
 23947 | Lair:3   | Reached skill level 4 in Hexes
 24692 | Lair:4   | Found a runed translucent gate.
 24692 | Lair:4   | Found a runed translucent gate.
 24692 | Lair:4   | Found a runed translucent gate.
 24696 | Lair:4   | Noticed Vygymeh's ghost (journeyman DECj)
 24696 | Lair:4   | Noticed Qaisti's ghost (journeyman GnWr)
 24730 | Lair:4   | Killed Vygymeh's ghost
 24765 | Lair:4   | Killed Qaisti's ghost
 24994 | Lair:4   | Reached skill level 15 in Unarmed Combat
 25748 | Lair:4   | Found a staircase to the Shoals.
 26126 | Lair:3   | HP: 5/55 [poisoned by a redback]
 26133 | Lair:3   | HP: 3/55 [poisoned by a redback]
 26140 | Lair:3   | HP: 2/55 [poisoned by a redback]
 26148 | Lair:3   | HP: 2/55 [poisoned by a redback]
 26596 | Lair:4   | Found a hole to the Spider Nest.
 27235 | Lair:5   | Reached skill level 16 in Unarmed Combat
 27733 | Lair:6   | Entered Level 6 of the Lair of Beasts
 27761 | Lair:6   | Found a dark tunnel.
 27803 | Volcano  | Entered a volcano
 29017 | Lair:6   | Reached skill level 17 in Unarmed Combat
 29184 | Lair:6   | Reached XP level 14. HP: 45/60 MP: 17/22
 29473 | Lair:6   | Noticed an entropy weaver
 29473 | Lair:6   | Noticed an entropy weaver
 29476 | Lair:6   | Killed an entropy weaver
 29511 | Lair:6   | HP: 6/60 [entropy weaver (8)]
 30090 | Lair:6   | Killed an entropy weaver
 30549 | Lair:6   | Found a runed translucent door.
 30549 | Lair:6   | Found a viscous altar of Jiyva.
 30555 | Lair:6   | Reached skill level 6 in Invocations
 31164 | Lair:6   | Reached skill level 18 in Unarmed Combat
 31470 | Lair:6   | Reached ****** piety under Okawaru
 31547 | Lair:6   | Reached skill level 7 in Invocations
 31973 | Lair:6   | Found a staircase to the Slime Pits.
 32690 | Lair:6   | Upgraded the game from 0.25-a0-670-g50981ef59b to
                  | 0.25-a0-690-g234afa57d4
 33623 | D:4      | Killed Grinder
 34236 | D:12     | Reached skill level 3 in Stealth
 34692 | D:12     | Found a staircase to the Orcish Mines,
 34888 | D:12     | Reached skill level 8 in Invocations
 35061 | Orc:1    | Entered Level 1 of the Orcish Mines
 35404 | Orc:1    | Noticed Snorg
 35423 | Orc:1    | Killed Snorg
 35811 | Orc:2    | Entered Level 2 of the Orcish Mines
 35884 | Orc:2    | Reached skill level 19 in Unarmed Combat
 36307 | Orc:2    | Reached XP level 15. HP: 50/63 MP: 17/23
 36858 | Orc:2    | HP: 6/63 [orc knight/+0 battleaxe (20)]
 37248 | Orc:2    | Found Onaumila's General Store,
 37248 | Orc:2    | Found Erelon's Assorted Antiques,
 37250 | Orc:2    | Found Kyferat's Armour Boutique,
 37250 | Orc:2    | Found Axonn's Assorted Antiques,
 37536 | Orc:2    | Found a roughly hewn altar of Beogh,
 37706 | Orc:2    | Found a staircase to the Elven Halls,
 37972 | Orc:2    | Bought a paperback book for 345 gold pieces
 37974 | Orc:2    | Bought a scroll of magic mapping for 80 gold pieces
 37976 | Orc:2    | Bought a scroll of identify for 64 gold pieces
 37976 | Orc:2    | Bought a scroll of identify for 64 gold pieces
 37976 | Orc:2    | Bought a potion of might for 128 gold pieces
 37976 | Orc:2    | Bought a white potion for 28 gold pieces
 37986 | Orc:2    | Bought a scroll of identify for 26 gold pieces
 37986 | Orc:2    | Bought a potion of brilliance for 52 gold pieces
 38090 | D:13     | Found a gate to the Vaults,
 38614 | D:13     | Found a snail-covered altar of Cheibriados,
 38881 | D:13     | Identified a potion of resistance
 39077 | D:14     | Identified +0 acid dragon scales
 39146 | D:14     | Noticed Frances
 39170 | D:14     | Killed Frances
 39487 | D:14     | Reached skill level 5 in Evocations
 39588 | D:14     | Reached skill level 20 in Unarmed Combat
 39719 | D:14     | Noticed Josephine
 39781 | D:14     | Killed Josephine
 40123 | D:14     | Identified +0 acid dragon scales
 40308 | D:14     | Noticed Louise
 40325 | D:14     | Killed Louise
 40325 | D:14     | Reached skill level 6 in Evocations
 40821 | D:15     | Entered Level 15 of the Dungeon
 41378 | D:15     | Reached skill level 7 in Evocations
 41455 | D:15     | Found a staircase to the Depths,
 42183 | D:15     | Upgraded the game from 0.25-a0-690-g234afa57d4 to
                  | 0.25-a0-697-g890751e744
 42463 | Spider:1 | Entered Level 1 of the Spider Nest
 42531 | Spider:1 | Reached XP level 16. HP: 66/66 MP: 21/24
 43077 | Spider:1 | Noticed Kirke
 43093 | Spider:1 | Noticed a sphinx
 43098 | Spider:1 | Killed Kirke
 43098 | Spider:1 | Reached skill level 8 in Evocations
 43643 | Spider:1 | Reached skill level 21 in Unarmed Combat
 46446 | Spider:2 | Reached skill level 7 in Fighting
 47081 | Spider:2 | HP: 6/69 [poisoned by a wolf spider]
 47087 | Spider:2 | HP: 6/69 [poisoned by a wolf spider]
 47095 | Spider:2 | HP: 5/69 [poisoned by a wolf spider]
 48832 | Spider:3 | Reached skill level 16 in Dodging
 49303 | Spider:3 | Reached skill level 8 in Fighting
 49333 | Spider:3 | HP: 7/70 [emperor scorpion (16)]
 51007 | Spider:4 | Entered Level 4 of the Spider Nest
 51306 | Spider:4 | Paralysed by a hornet for 3 turns
 52810 | Spider:3 | HP: 7/71 [poisoned by a wolf spider]
 52818 | Spider:3 | HP: 7/71 [poisoned by a wolf spider]
 52826 | Spider:3 | HP: 6/71 [poisoned by a wolf spider]
 53302 | Spider:4 | Reached skill level 9 in Fighting
 53302 | Spider:4 | Reached XP level 17. HP: 32/75 MP: 4/25
 54759 | Spider:4 | Reached skill level 17 in Dodging
 55705 | Spider:4 | HP: 4/75 [redback (13)]
 55708 | Spider:4 | Slain by a jumping spider
 55709 | Spider:4 | Reached XP level 16. HP: -2/72 MP: 0/24
 55709 | Spider:4 | Quit the game

Vanquished Creatures
  Kirke (Spider:1)
  Frances (D:14)
  A fire giant (D:10)
  3 emperor scorpions (Spider:3)
  Louise (D:14)
  8 entropy weavers
  A spark wasp (Spider:4)
  Snorg (Orc:1)
  An ettin (D:15)
  Josephine (D:14)
  The ghost of Vygymeh the Thaumaturge, a journeyman DECj of Vehumet (Lair:4)
  The ghost of Qaisti the Quickloader, a journeyman GnWr (Lair:4)
  Erolcha (D:10)
  A vault guard (D:13)
  5 hydras
  A catoblepas (Lair:6)
  Erica (D:8)
  A death knight (D:12)
  5 centaur warriors
  An ogre mage (D:15)
  A queen ant (Lair:6)
  7 two-headed ogres
  2 tengu warriors (D:15)
  7 death yaks
  3 orc high priests (Orc:2)
  A deep troll (D:15)
  2 unseen horrors (D:12)
  A deep elf archer (D:15)
  2 wizards
  6 orc knights
  2 lindwurms (Volcano)
  A necromancer (IceCv)
  2 deep elf magi
  Pikel (D:5)
  19 orb spiders
  A harpy (D:10)
  10 ugly things
  4 orc sorcerers
  23 wolf spiders
  A manticore (D:15)
  A toenail golem (Volcano)
  A merfolk siren (Lair:4)
  2 cyclopes
  Joseph (D:10)
  5 molten gargoyles (Volcano)
  4 black mambas
  Maurice (D:10)
  2 torpor snails
  4 gargoyles
  13 spiny frogs
  Maggie (D:7)
  6 rime drakes
  2 komodo dragons
  A centaur skeleton (D:10)
  10 freezing wraiths (IceCv)
  3 tengu conjurers
  2 efreet (Volcano)
  10 demonic crawlers
  7 trolls
  30 jumping spiders
  4 polar bears (Lair:6)
  A meliai (D:10)
  9 hornets
  8 blink frogs (Lair:6)
  Grinder (D:4)
  7 dream sheep
  9 hippogriffs
  Sigmund (D:6)
  74 redbacks
  13 spriggans
  3 shadows
  3 vampires
  2 fire elementals (Volcano)
  28 tarantellas
  5 wraiths (D:14)
  4 hogs (Spider:1)
  57 yaks
  5 basilisks
  Grum (D:8)
  7 wyverns
  13 vampire mosquitoes
  3 wargs
  Edmund (D:4)
  3 acid dragons
  A death yak simulacrum (IceCv)
  5 soldier ants (Lair:6)
  2 water moccasins
  Duvessa (D:7)
  2 hell hounds (Lair:6)
  8 porcupines
  4 black bears
  20 orc warriors
  7 ice beasts
  4 sky beasts
  An eye of draining (D:12)
  3 necrophages
  4 boggarts (Lair:6)
  4 phantoms
  18 ogres
  29 wolves
  6 centaurs
  10 crocodiles
  4 big kobolds
  10 bullfrogs
  A wyvern zombie (D:12)
  Dowan (D:7)
  A wyvern skeleton (D:13)
  6 scorpions
  A swamp dragon simulacrum (IceCv)
  An elephant simulacrum (IceCv)
  11 wights
  3 electric eels
  A howler monkey (D:7)
  4 centaur zombies
  4 draconian simulacra (IceCv)
  6 crimson imps
  A quasit (D:7)
  A gnoll shaman (D:5)
  17 orc priests
  4 jellies
  2 bullfrog zombies
  6 bullfrog skeletons
  4 hounds
  8 iguanas
  Terence (D:2)
  12 orc wizards
  9 troll simulacra (IceCv)
  17 worker ants
  A polar bear simulacrum (IceCv)
  A killer bee zombie (D:6)
  3 centaur simulacra (IceCv)
  2 hound zombies
  2 worker ant zombies (D:6)
  7 gnolls
  A howler monkey zombie (D:6)
  2 naga simulacra (IceCv)
  8 adders
  2 ogre simulacra (IceCv)
  5 shadow imps
  12 white imps (IceCv)
  3 oozes
  An adder zombie (D:6)
  An adder skeleton (D:9)
  5 worms
  2 dart slugs (D:2)
  4 leopard geckos
  70 orcs
  9 giant cockroaches
  9 goblins
  8 hobgoblins
  9 jackals
  3 quokkas
  2 ball pythons
  4 bats
  5 frilled lizards
  A jackal skeleton (D:4)
  18 kobolds
  2 leopard gecko zombies
  A quokka zombie (D:9)
  9 rats
  4 fire vortices (Volcano)
982 creatures vanquished.

Vanquished Creatures (collateral kills)
  A redback (Spider:2)
1 creature vanquished.

Vanquished Creatures (others)
  An emperor scorpion (Spider:4)
  An ugly thing (D:14)
  3 redbacks
  2 howler monkeys (D:14)
  2 orc priests
  2 kobolds (D:14)
  9 fungi
  21 plants
41 creatures vanquished.

Grand Total: 1024 creatures vanquished
